 Dungeon Crawl Stone Soup version 0.32-a0-42-ga30500b4d3 (webtiles) character file.

Game seed: 12626261301281862923

233 cforsyth the Magician (level 6, -4/47 HPs)
             Began as a Djinni Hedge Wizard on Feb 1, 2024.
             Slain by a gnoll sergeant
             ... wielding a +0 spear
              (14 damage)
             ... on level 4 of the Dungeon.
             The game lasted 00:04:13 (2977 turns).

cforsyth the Magician (Djinni Hedge Wizard)         Turns: 2977, Time: 00:04:13

Health: -4/47      AC:  2    Str:  9    XL:     6   Next: 25%
Gold:   100        EV: 12    Int: 17    God:
                   SH:  0    Dex: 13

rFire   + + .        n - +2 short sword (speed)
rCold   x . .        (no shield)
rNeg    . . .        b - +0 robe
rPois   ∞            c - +0 hat
rElec   .            (no cloak)
rCorr   .            (no gloves)
SInv    .            (boots unavailable)
Will    .....        (no amulet)
Stlth   ++           (no ring)
HPRegen 0.27/turn    (no ring)
MPRegen 0.00/turn

%: infuse magic (-5 HP)
@: flying, very slightly contaminated
A: sickness immunity, fire resistance 2, cold vulnerability 1, float, innate
caster, HP casting, extra vitality 1
a: no special abilities


You were on level 4 of the Dungeon.
You visited 1 branch of the dungeon, and saw 4 of its levels.

You collected 100 gold pieces.

Inventory:

Hand Weapons
 a - a +0 dagger
 n - a +2 short sword of speed (weapon)
Armour
 b - a +0 robe (worn)
 c - a +0 hat (worn)
Scrolls
 d - 6 scrolls of identify {unknown}
 h - a scroll of fear {unknown}
 i - a scroll of revelation {unknown}
 k - 2 scrolls of enchant armour {unknown}
 l - a scroll of teleportation {unknown}
 m - a scroll of amnesia {unknown}
Potions
 e - 2 potions of haste {unknown}
 f - 3 potions of attraction {unknown}
 g - 3 potions of heal wounds {unknown}
 j - a potion of enlightenment {unknown}
 o - 3 potions of lignification {unknown}
 p - 2 potions of mutation {unknown}


   Skills:
 + Level 3.9 Fighting
 - Level 2.1 Dodging
 - Level 1.5 Stealth
 + Level 4.3 Spellcasting
 + Level 4.3 Conjurations
 + Level 4.3 Hexes
 + Level 4.3 Summonings
 + Level 4.3 Necromancy
 + Level 4.3 Translocations
 + Level 4.3 Fire Magic
 + Level 4.3 Ice Magic
 + Level 4.3 Air Magic
 + Level 4.3 Earth Magic
 + Level 4.3 Alchemy


You knew the following spells:

 Your Spells              Type           Power      Damage    Failure   Level
a - Magic Dart            Conj           72%        1d6       2%          1
b - Slow                  Hex            72%        N/A       2%          1
c - Blink                 Tloc           36%        N/A       3%          2
d - Call Imp              Summ           36%        N/A       3%          2
e - Mephitic Cloud        Conj/Alch/Air  18%        N/A       8%          3
f - Summon Small Mammal   Summ           72%        N/A       2%          1
g - Ensorcelled Hibernat  Hex/Ice        36%        N/A       3%          2
Your spell library was empty.

Dungeon Overview and Level Annotations

Branches:
Dungeon (4/15)
 Temple: D:4-7

Altars:
Elyvilon
Fedhas
Nemelex Xobeh
Ru
Uskayaw
Zin


Innate Abilities, Weirdness & Mutations

You are immune to sickness and miasma.
You are immune to poison.
Your flesh is very heat resistant. (rF++)
You are vulnerable to cold. (rC-)
You float through the air rather than walking.
You learn spells naturally, not from books.
Your magical power is your life essence.
You have superior vitality. (+4 MHP)


Message History

The orc priest mumbles some strange prayers to Beogh against you.
Beogh smites you!
Casting: Magic Dart (safe; 2% risk of failure)
Confirm with . or Enter, or press ? or * to list all spells.
Aiming: Mephitic Cloud (dangerous; 8% risk of failure)
Press: ? - help, Shift-Dir - straight line, f/p - gnoll sergeant
Aim: a gnoll sergeant, wielding a +0 spear, wearing a +0 ring mail and wearing a +0 kite shield (chance to affect: 81%)
The ball explodes into a vile cloud!
The stinking cloud engulfs the gnoll sergeant.
The gnoll sergeant is engulfed in noxious fumes.
The gnoll sergeant is engulfed in noxious fumes.
The gnoll sergeant attacks as it pursues you!
The gnoll sergeant completely misses you.
The gnoll sergeant attacks as it pursues you!
The gnoll sergeant hits you from afar with a +0 spear.
The gnoll sergeant hits you from afar with a +0 spear.
Casting: Mephitic Cloud (dangerous; 8% risk of failure)
Confirm with . or Enter, or press ? or * to list all spells.
Aiming: Mephitic Cloud (dangerous; 8% risk of failure)
Press: ? - help, Shift-Dir - straight line, f/p - gnoll sergeant
Aim: a gnoll sergeant, wielding a +0 spear, wearing a +0 ring mail and wearing a +0 kite shield (chance to affect: 81%)
You miscast Mephitic Cloud.
You are very lightly contaminated with residual magic.
Nothing appears to happen.
The orc priest is engulfed in noxious fumes.
The orc priest appears confused.
The gnoll sergeant hits you from afar with a +0 spear!
* * * LOW HITPOINT WARNING * * *
Casting: Mephitic Cloud (dangerous; 8% risk of failure)
Confirm with . or Enter, or press ? or * to list all spells.
Aiming: Mephitic Cloud (dangerous; 8% risk of failure)
Press: ? - help, Shift-Dir - straight line, f/p - gnoll sergeant
Aim: a gnoll sergeant, wielding a +0 spear, wearing a +0 ring mail and wearing a +0 kite shield (chance to affect: 81%)
The ball explodes into a vile cloud!
The stinking cloud engulfs the gnoll sergeant.
* * * LOW HITPOINT WARNING * * *
You hear a shout! x2
The gnoll sergeant is engulfed in noxious fumes.
The gnoll sergeant hits you from afar with a +0 spear!
You die...

#..#..#...# #.......##
#.#.# .#..#..####
#........# #.#.# ...#...#
#.)....#.## #.#.#
##############......#..#
#.#.#
###.....#......##.####.#.#
#.........#######........#
#.#.....#.# #####...>#
#.....#.#### ####g##
#.....#..@.# #..#
#.....####§# ##g## #.....#
#g# #..# #.....# #.# ##..
####... #.# ### #... #.# #
#...###o# # .......○######
# ...<#........# #


You could see a gnoll sergeant and an orc priest (confused).

Vanquished Creatures
  A hound (D:3)
  Robin (D:3)
  6 adders
  A gnoll (D:4)
  4 dart slugs
  A ribbon worm (D:3)
  3 orcs (D:4)
  6 endoplasms
  5 giant cockroaches
  16 goblins
  4 hobgoblins
  4 quokkas
  3 ball pythons (D:2)
  8 bats
  4 frilled lizards
  7 kobolds
  11 rats
85 creatures vanquished.

Vanquished Creatures (collateral kills)
  A jelly (D:4)
1 creature vanquished.

Grand Total: 86 creatures vanquished

Notes
Turn   | Place    | Note
-------+----------+-------------------------------------------
     0 | D:1      | cforsyth the Djinni Hedge Wizard began the quest for the
                  | Orb.
     0 | D:1      | cforsyth set off with the following spells memorised: Magic
                  | Dart, Slow, Blink, Call Imp, Mephitic Cloud.
     0 | D:1      | Reached XP level 1. HP: 15/15 MP: 0/0
   107 | D:1      | Reached XP level 2. HP: 20/22 MP: 0/0
   141 | D:1      | Reached skill level 1 in Fighting
   339 | D:1      | Reached XP level 3. HP: 23/27 MP: 0/0
   339 | D:1      | Learned a level 1 spell: Summon Small Mammal
   822 | D:2      | Reached XP level 4. HP: 28/33 MP: 0/0
  1518 | D:3      | Found a sparkling altar of Nemelex Xobeh.
  1544 | D:3      | Reached XP level 5. HP: 22/40 MP: 0/0
  1544 | D:3      | Learned a level 2 spell: Ensorcelled Hibernation
  1705 | D:3      | Found a sacrificial altar of Ru.
  1740 | D:3      | Found a hide-covered altar of Uskayaw.
  1921 | D:3      | Found a glowing silver altar of Zin.
  2020 | D:3      | Noticed Robin
  2056 | D:3      | Killed Robin
  2449 | D:4      | Found a blossoming altar of Fedhas.
  2499 | D:4      | Reached XP level 6. HP: 19/47 MP: 0/0
  2884 | D:4      | Found a white marble altar of Elyvilon.
  2977 | D:4      | Slain by a gnoll sergeant

Illustrated notes

Levels and vault maps discovered:
D:1:      minmay_arrival_open_corners, layout_rooms
D:2:      layout_basic, minmay_octomino_c4
D:3:      layout_rooms, mainiacjoe_overflow_chevrons, lemuel_crystal_altar,
          nemelex_spade_bored_becter, eat_drink_and_be_merry_uskayaw,
          minmay_hedge_maze, uniq_robin
D:4:      layout_basic, general_overflow_altar, marbit_many_paths,
          mainiacjoe_overflow_small_starburst, minmay_temple_entry_proselytizer

Skill      XL: |  1  2  3  4  5 |
---------------+----------------+-----
Fighting       | 1 2 3 |  3.9
Spellcasting   | 4 |  4.3
Conjurations   | 4 |  4.3
Hexes          | 4 |  4.3
Summonings     | 4 |  4.3
Necromancy     | 4 |  4.3
Translocations | 4 |  4.3
Fire Magic     | 4 |  4.3
Ice Magic      | 4 |  4.3
Air Magic      | 4 |  4.3
Earth Magic    | 4 |  4.3
Alchemy        | 4 |  4.3
Dodging        | |  2.1
Stealth        | |  1.5

Action                     |  1- 3 |  4- 6 || total
---------------------------+-------+-------++-------
  Melee: Dagger            |       |    17 ||    17
   Cast: Magic Dart        |    85 |   135 ||   220
         Mephitic Cloud    |       |    12 ||    12
         Summon Small Mamm |       |     2 ||     2
         Call Imp          |       |     1 ||     1
   Stab: Confused          |       |     1 ||     1
 Armour: Robe              |     3 |    28 ||    31
  Dodge: Dodged            |    10 |    26 ||    36

Table legend: (Time is in decaauts)
 A = Elapsed time spent in this place.
 B = Non-inter-level travel time spent in this place.
 C = Inter-level travel time spent in this place.
 D = Time resting spent in this place.
 E = Time spent auto-exploring this place.
 F = Levels seen in this place.
 G = Mean time per level.
                   A        B        C        D        E       F      G
               +--------+--------+--------+--------+--------+-----+--------+
         Total |   2976 |   2911 |     65 |    247 |   2156 |   4 |  744.0 |
       Dungeon |   2976 |   2911 |     65 |    247 |   2156 |   4 |  744.0 |
               +--------+--------+--------+--------+--------+-----+--------+

Top non-repeatable levels by time:
     D:2: 1046 daAuts
     D:3: 954 daAuts
     D:1: 571 daAuts
     D:4: 405 daAuts
